 Dungeon Sprint DCSS version 0.32-a0-136-gc02482bde3 (webtiles) character file.

Game seed: 97722399253459054

3173 rocky1 the Fighter (level 9, -5/105 HPs)
             Began as an Oni Fire Elementalist on Feb 11, 2024.
             Was an Initiate of Gozag.
             Slain by a demonic crawler (14 damage)
             ... in the Dungeon (Sprint VII: "The Pits").
             The game lasted 00:07:14 (2016 turns).

rocky1 the Fighter (Oni Fire Elementalist)          Turns: 2016, Time: 00:07:14

Health: -5/105     AC:  6    Str: 16    XL:     9   Next: 95%
Magic:  17/22      EV: 15    Int: 18    God:    Gozag
Gold:   2529       SH:  0    Dex:  9    Spells: 14/27 levels left

rFire   . . .        r - +2 halberd (venom)
rCold   . . .        (shield currently unavailable)
rNeg    . . .        a - +0 robe
rPois   .            (helmet restricted)
rElec   .            (no cloak)
rCorr   .            (gloves unavailable)
SInv    .            (boots unavailable)
Will    .....        (no amulet)
Stlth   +++          m - +3 ring of evasion
HPRegen 0.37/turn    n - +3 ring of protection
MPRegen 0.18/turn

%: no teleportation
@: gold aura
A: large, unfitting armour, horns 1, tough skin 1, double potion healing,
drunken brawling
a: Renounce Religion, Potion Petition, Call Merchant, Bribe Branch


You were in the Dungeon.
You worshipped Gozag.
Gozag was most pleased with you.
You visited 1 branch You collected 2529 gold pieces.

Inventory:

Hand Weapons
 f - a +1 halberd
 h - a +2 trident of protection
 r - a +2 halberd of venom (weapon)
Armour
 a - a +0 robe (worn)
Jewellery
 e - a ring of flight
 m - a +3 ring of evasion (left hand)
 n - a +3 ring of protection (right hand)
Scrolls
 g - a scroll of blinking
 j - 2 scrolls of vulnerability
 k - 5 scrolls of amnesia
 l - a scroll of summoning
Potions
 b - 3 potions of magic
 c - 7 potions of curing
 d - 4 potions of heal wounds
 i - a potion of invisibility
 o - a potion of mutation
 p - 2 potions of berserk rage
 q - a potion of resistance


   Skills:
 + Level 11.4 Fighting
 + Level 8.8 Polearms
 + Level 8.1 Dodging
 - Level 6.9 Stealth
 + Level 9.8 Spellcasting
 + Level 8.0 Conjurations
 + Level 8.4 Fire Magic


You had 14 spell levels left.
You knew the following spells:

 Your Spells              Type           Power      Damage    Failure   Level
a - Foxfire               Conj/Fire      100%       2x1d9     1%          1
b - Scorch                Fire           78%        2d8       1%          2
c - Inner Flame           Hex/Fire       23%        N/A       4%          3
d - Volatile Blastmotes   Fire/Tloc      46%        2d13      4%          3
e - Flame Wave            Conj/Fire      38%        2d10      2%          4

Your spell library contained the following spells:

 Spells                   Type           Power      Damage    Failure   Level


Dungeon Overview and Level Annotations

Branches:
Dungeon (1/1)

Altars:
Ashenzari
Cheibriados
Dithmenos
Elyvilon
Fedhas
Gozag
Hepliaklqana
Kikubaaqudgha
Makhleb
Nemelex Xobeh
Okawaru
Qazlal
Ru
Sif Muna
Trog
Uskayaw
Vehumet
Wu Jian
Xom
Yredelemnul
Zin
The Shining One
Jiyva
Lugonu


Innate Abilities, Weirdness & Mutations

You are too large for most types of armour.
You have a pair of small horns on your head.
You have tough skin. (AC +1)
You gain doubled healing and magic from potions.
Whenever you drink a healing potion, you attack all around you.


Message History

The demonic crawler hits you! The demonic crawler misses you. x2
The demonic crawler hits you!
* * * LOW HITPOINT WARNING * * *
Unknown command.
You take a swig of the potion and twirl your +2 halberd of venom.
You closely miss the demonic crawler.
Your headbutt misses the demonic crawler.
You savour every drop.
You feel much better. The demonic crawler hits you!
The demonic crawler hits you. x2
Unknown command.
You hit the demonic crawler. You headbutt the demonic crawler.
The demonic crawler is lightly wounded.
The demonic crawler hits you but does no damage.
The demonic crawler closely misses you. The demonic crawler barely misses you.
The demonic crawler hits you but does no damage.
The demonic crawler misses you. The demonic crawler hits you!
You slash the demonic crawler!
The demonic crawler is lightly wounded.
The demonic crawler hits you!
* * * LOW HITPOINT WARNING * * *
The demonic crawler closely misses you. The demonic crawler misses you.
You barely miss the demonic crawler.
The demonic crawler is lightly wounded.
The demonic crawler barely misses you. The demonic crawler closely misses you.
The demonic crawler hits you but does no damage.
A snapping turtle comes into view.
You completely miss the demonic crawler.
The snapping turtle hisses angrily.
Your headbutt misses the demonic crawler.
The demonic crawler closely misses you. The demonic crawler hits you.
* * * LOW HITPOINT WARNING * * *
The demonic crawler misses you. The demonic crawler hits you!
* * * LOW HITPOINT WARNING * * *
The demonic crawler closely misses you. The demonic crawler hits you!
* * * LOW HITPOINT WARNING * * *
Unknown command.
You barely miss the demonic crawler. The demonic crawler misses you.
The demonic crawler hits you!
You die...
Your body crumbles into a pile of gold.

#####'#####')######
##.......##)'#####
##.......##......#
##.......##....###
##...<...##...##.+
##.......##..##..##+##
##.......##..#..##...##
##.......##..#.$#.....#.
###########..'..@s....t.
###########..#..#$....#.
.)[.#..[[##..#..##...##
....#..[[##..##..##+##
)...'..))##...##.+
....#..))##....###
....#...)##......#
##################


You could see a snapping turtle and a demonic crawler.

Vanquished Creatures
  Erica (D)
  An orc knight (D)
  A tarantella (D)
  A merfolk (D)
  A wraith (D)
  A ynoxinul (D)
  A redback (D)
  2 orc warriors (D)
  A black bear (D)
  2 ogres (D)
  A centaur (D)
  A scorpion (D)
  3 orc priests (D)
  A gnoll bouda (D)
  4 orc wizards (D)
  A mummy (D)
  An adder (D)
  6 gnolls (D)
  An ufetubus (D)
  7 orcs (D)
  A ball python (D)
  A bat skeleton (D)
  2 goblins (D)
  3 jackals (D)
  A kobold (D)
  A quokka (D)
  2 frilled lizards (D)
49 creatures vanquished.

Vanquished Creatures (others)
  A deep elf zephyrmancer (D)
  A warg (D)
  11 foxfires (D)
13 creatures vanquished.

Grand Total: 62 creatures vanquished

Notes
Turn   | Place    | Note
-------+----------+-------------------------------------------
     0 | D        | rocky1 the Oni Fire Elementalist began the quest for the
                  | Orb.
     0 | D        | Reached XP level 1. HP: 16/16 MP: 3/3
    16 | D        | Reached skill level 1 in Conjurations
    47 | D        | Found a bloodstained altar of Trog.
    47 | D        | Found a shimmering blue altar of Sif Muna.
    47 | D        | Found a viscous altar of Jiyva.
    47 | D        | Found a hazy altar of Hepliaklqana.
    47 | D        | Found an opulent altar of Gozag.
    48 | D        | Found a glowing golden altar of the Shining One.
    48 | D        | Found a glowing silver altar of Zin.
    48 | D        | Found a basalt altar of Yredelemnul.
    48 | D        | Found a shimmering altar of Xom.
    48 | D        | Found an ornate altar of the Wu Jian Council.
    48 | D        | Found a sacrificial altar of Ru.
    48 | D        | Found a stormy altar of Qazlal.
    48 | D        | Found an iron altar of Okawaru.
    48 | D        | Found a sparkling altar of Nemelex Xobeh.
    48 | D        | Found a burning altar of Makhleb.
    48 | D        | Found a blossoming altar of Fedhas.
    48 | D        | Found a white marble altar of Elyvilon.
    48 | D        | Found a shadowy altar of Dithmenos.
    48 | D        | Found a snail-covered altar of Cheibriados.
    51 | D        | Found a corrupted altar of Lugonu.
    51 | D        | Found a radiant altar of Vehumet.
    52 | D        | Found an ancient bone altar of Kikubaaqudgha.
    52 | D        | Found a hide-covered altar of Uskayaw.
    52 | D        | Found a broken altar of Ashenzari.
    55 | D        | Became a worshipper of Gozag Ym Sagoz the Greedy
   178 | D        | Noticed a scorpion
   182 | D        | Reached skill level 1 in Fighting
   182 | D        | Reached skill level 1 in Polearms
   182 | D        | Reached XP level 2. HP: 28/28 MP: 6/6
   185 | D        | Killed a scorpion
   186 | D        | Reached skill level 3 in Fighting
   186 | D        | Reached XP level 3. HP: 37/37 MP: 6/8
   186 | D        | Reached XP level 4. HP: 45/45 MP: 7/10
   361 | D        | Noticed an ogre
   390 | D        | Killed an ogre
   391 | D        | Reached skill level 5 in Fighting
   391 | D        | Reached skill level 5 in Spellcasting
   391 | D        | Reached XP level 5. HP: 57/57 MP: 7/12
   407 | D        | Reached XP level 6. HP: 59/66 MP: 10/14
   462 | D        | Learned a level 2 spell: Scorch
   463 | D        | Noticed a black bear
   466 | D        | Learned a level 3 spell: Inner Flame
   469 | D        | Reached skill level 5 in Fire Magic
   482 | D        | Reached skill level 6 in Fighting
   500 | D        | Killed a black bear
   501 | D        | Reached skill level 5 in Polearms
   501 | D        | Reached skill level 5 in Dodging
   875 | D        | Noticed a merfolk
   884 | D        | Killed a merfolk
   885 | D        | Reached skill level 7 in Fighting
   885 | D        | Reached skill level 5 in Stealth
   885 | D        | Reached skill level 5 in Conjurations
   885 | D        | Reached XP level 7. HP: 68/79 MP: 15/17
  1217 | D        | Learned a level 3 spell: Volatile Blastmotes
  1222 | D        | Learned a level 4 spell: Flame Wave
  1222 | D        | Noticed Erica
  1222 | D        | Noticed an orc knight
  1222 | D        | Noticed a warg
  1230 | D        | Reached skill level 8 in Fighting
  1232 | D        | Killed a warg
  1234 | D        | Reached XP level 8. HP: 25/89 MP: 5/19
  1247 | D        | Killed Erica
  1248 | D        | Reached skill level 9 in Fighting
  1263 | D        | Killed an orc knight
  1264 | D        | Reached skill level 10 in Fighting
  1264 | D        | Reached XP level 9. HP: 38/101 MP: 12/21
  1862 | D        | Noticed a tarantella
  1867 | D        | Killed a tarantella
  1996 | D        | Noticed a deep elf zephyrmancer
  2004 | D        | Noticed a demonic crawler
  2006 | D        | Killed a deep elf zephyrmancer
  2007 | D        | Reached skill level 11 in Fighting
  2016 | D        | Slain by a demonic crawler

Illustrated notes

Levels and vault maps discovered:
D:        pitsprint [storerooms_1, entrance_room_1, metal_vault_6, armoury_1,
          mini_pit_1, grid_room_1, main_hall_1, silver_pit, the_coven_2,
          the_vestibule_1, steel_vault_2, golden_pit, hallway_of_sentries,
          crystal_vault_4, iron_vault_2, final_vault]

Skill      XL: |  1  2  3  4  5  6  7  8  9 |
---------------+----------------------------+-----
Dodging        | 2 3 4 5 6 7 8 |  8.1
Conjurations   | 1 2 3 4 5 7 8 |  8.0
Fighting       | 1 3 5 7 8 10 11 | 11.4
Polearms       | 1 2 3 4 5 6 7 8 |  8.8
Stealth        | 2 3 5 6 |  6.9
Spellcasting   | 3 4 5 6 7 8 9 |  9.8
Fire Magic     | 3 4 6 7 8 |  8.4

Action                     |  1- 3 |  4- 6 |  7- 9 || total
---------------------------+-------+-------+-------++-------
  Melee: Trident           |    11 |    85 |    27 ||   123
         Headbutt          |       |     8 |    14 ||    22
         Punch             |       |     6 |     1 ||     7
         Halberd           |       |       |    37 ||    37
   Cast: Foxfire           |     2 |     4 |       ||     6
         Scorch            |       |     7 |    13 ||    20
         Flame Wave        |       |       |     6 ||     6
    Use: Potion            |     1 |     4 |     8 ||    13
   Stab: Sleeping          |     1 |     2 |     2 ||     5
         Distracted        |       |     2 |       ||     2
         Invisible         |       |       |     4 ||     4
 Armour: Robe              |     9 |    92 |    66 ||   167
  Dodge: Dodged            |     7 |    58 |    46 ||   111

Table legend: (Time is in decaauts)
 A = Elapsed time spent in this place.
 B = Non-inter-level travel time spent in this place.
 C = Inter-level travel time spent in this place.
 D = Time resting spent in this place.
 E = Time spent auto-exploring this place.
 F = Levels seen in this place.
 G = Mean time per level.
                   A        B        C        D        E       F      G
               +--------+--------+--------+--------+--------+-----+--------+
         Total |   2038 |   1969 |     69 |   1364 |      0 |   1 | 2038.0 |
       Dungeon |   2038 |   1969 |     69 |   1364 |      0 |   1 | 2038.0 |
               +--------+--------+--------+--------+--------+-----+--------+

Top non-repeatable levels by time:
       D: 2038 daAuts
